 Dungeon Crawl Stone Soup version 0.23.2-40-g277498a001 (webtiles) character file.

Game seed: 12759764155416698292

405 Descartes the Insei (level 6, -5/30 HPs)
             Began as a Vine Stalker Transmuter on Oct 13, 2019.
             Killed by divine providence
             ... invoked by an orc priest
              (13 damage)
             ... on level 4 of the Dungeon.
             The game lasted 00:09:41 (3344 turns).

Descartes the Insei (Vine Stalker Transmuter)       Turns: 3344, Time: 00:09:42

Health: -5/30      AC:  7    Str: 12    XL:     6   Next: 87%
Magic:  0/10       EV: 13    Int: 16    God:
Gold:   95         SH:  0    Dex: 17    Spells: 6/9 levels left

rFire    + . .     SeeInvis .     - Unarmed
rCold    x . .     Gourm    .   (no shield)
rNeg     . . .     Faith    .   f - +0 leather armour of the Skies Above {Regen+}
rPois    .         Spirit   +   y - +2 helmet {Int+3}
rElec    .         Reflect  .   (no cloak)
rCorr    .         Harm     .   t - +0 pair of gloves
MR       .....                  (no boots)
Stlth    ++........             u - amulet of rage
HPRegen  0.90/turn              b - ring of fire
MPRegen  0.12/turn              (no ring)

@: lethally poisoned (-5 -> -5)
A: fangs 2, regeneration 1, magic shield, antimagic bite, no potion heal 3, rot
immunity
a: Evoke Berserk Rage


You were on level 4 of the Dungeon.
You were not hungry.

You visited 1 branch of the dungeon, and saw 4 of its levels.

You collected 95 gold pieces.

Inventory:

Missiles
 a - 45 arrows
 e - 41 sling bullets
 g - 14 poisoned needles
 h - 57 stones (quivered)
 i - 17 bolts
 l - 8 tomahawks
 x - 15 javelins
Armour
 f - the +0 leather armour of the Skies Above (worn) {Regen+}
   (You found it on level 4 of the Dungeon)

   It increases your rate of regeneration.
 t - a +0 pair of gloves (worn)
 y - a +2 helmet of intelligence (worn)
Jewellery
 b - a ring of fire (left hand)
 u - an amulet of rage (around neck)
Wands
 j - a wand of digging (3)
Scrolls
 c - 3 scrolls of enchant weapon
 m - 2 scrolls of remove curse
 o - 2 scrolls of magic mapping
 p - a scroll of fog {unknown}
 q - a scroll of teleportation {unknown}
 r - a scroll of fear {unknown}
Potions
 k - 2 potions of ambrosia
Comestibles
 d - 5 rations


   Skills:
 + Level 2.0 Fighting
 + Level 1.8 Armour
 * Level 3.0 Dodging
 + Level 2.6 Stealth
 * Level 4.3 Unarmed Combat
 - Level 2.1 Spellcasting
 * Level 3.6 Transmutations


You had 6 spell levels left.
You knew the following spells:

 Your Spells              Type           Power        Failure   Level  Hunger
a - Beastly Appendage     Tmut           ##....       6%          1    #......
b - Sticks to Snakes      Tmut           ##......     9%          2    ###....

Your spell library contained the following spells:

 Spells                   Type           Power        Failure   Level  Hunger
 Spider Form              Tmut/Pois      #.........   36%         3    ###....
 Ice Form                 Ice/Tmut       #.......     77%         4    #####..
 Blade Hands              Tmut           ##........   85%         5    ######.


Dungeon Overview and Level Annotations

Branches:
Dungeon (4/15)
 Temple: D:4-7

Altars:
Hepliaklqana
Sif Muna
Uskayaw

Annotations:
D:3 2 transporters, FishyPogo's ghost, amateur GnTm


Innate Abilities, Weirdness & Mutations

You have extremely sharp teeth.
Your natural rate of healing is unusually fast.
When hurt, damage is shared between your health and your magic reserves.
Your bite disrupts and absorbs the magic of your enemies.
Potions cannot restore your health.
You are immune to rotting.


Message History

The orc priest closely misses you. The scorpion stings you!
The orc hits you but does no damage.
You closely miss the orc priest.
The orc priest is heavily wounded.
The orc priest hits you with a +0 mace.
* * * LOW HITPOINT WARNING * * *
The scorpion stings you.
* * * LOW HITPOINT WARNING * * *
You are poisoned.
The scorpion poisons you!
You feel sick.
The orc priest miscasts a cantrip.
The scorpion barely misses you.
An orc comes into view. It is wielding a +0 mace.
You feel sick.
You feel sick.
You feel sick.
The orc priest invokes the aid of Beogh against you.
Beogh smites you!
You die...

.a......#.....##...# #####..
...............#...##.......
.......<............<..#
......................####
.......#...[.........#...##
......##.#...####.##.......
.######..................###
....###...............
..######....@........### ...
..........oso.....# ..
................#.
#####.......o>.##
#..........# ######.###.#
#o###.# #.##..# #.##.##


You could see a scorpion, 2 orc priests and 2 orcs.

Vanquished Creatures
  Purgy (D:2)
  An orc priest (D:3)
  Natasha (thrice) (D:3)
  2 worker ants (D:4)
  Robin (D:3)
  5 adders
  4 worms
  3 dart slugs
  4 leopard geckos
  3 orcs
  8 bats
  5 giant cockroaches
  8 hobgoblins
  2 jackals (D:3)
  4 kobolds
  2 quokkas (D:3)
  2 ball pythons (D:2)
  3 frilled lizards
  15 goblins
  A jackal skeleton (D:4)
  6 rats
83 creatures vanquished.

Notes
Turn   | Place    | Note
-------+----------+-------------------------------------------
     0 | D:1      | Descartes the Vine Stalker Transmuter began the quest for
                  | the Orb.
     0 | D:1      | Reached XP level 1. HP: 9/9 MP: 4/4
   131 | D:1      | Reached skill level 1 in Fighting
   241 | D:1      | Reached XP level 2. HP: 11/14 MP: 6/6
  1026 | D:2      | Reached XP level 3. HP: 14/18 MP: 5/7
  1120 | D:2      | Reached skill level 1 in Stealth
  1238 | D:2      | Found a hazy altar of Hepliaklqana.
  1445 | D:2      | Gained mutation: Your natural rate of healing is unusually
                  | fast. [Vine Stalker growth]
  1445 | D:2      | Reached XP level 4. HP: 20/22 MP: 6/8
  1899 | D:3      | Found a transporter.
  1924 | D:3      | Found a hide-covered altar of Uskayaw.
  1932 | D:3      | Noticed Robin
  1952 | D:3      | Reached skill level 1 in Armour
  1993 | D:3      | Killed Robin
  2022 | D:3      | Learned a level 2 spell: Sticks to Snakes
  2082 | D:3      | Noticed Purgy
  2258 | D:2      | Killed Purgy
  2258 | D:2      | Reached XP level 5. HP: 7/26 MP: 3/9
  2339 | D:3      | Reached skill level 4 in Unarmed Combat
  2339 | D:3      | Reached XP level 6. HP: 23/30 MP: 7/10
  2407 | D:3      | Found a deep blue altar of Sif Muna.
  2614 | D:3      | Found a transporter.
  2614 | D:3      | Noticed FishyPogo's ghost (amateur GnTm)
  2659 | D:3      | Noticed Natasha
  2676 | D:3      | Killed Natasha
  2746 | D:3      | Noticed Natasha
  2760 | D:3      | Killed Natasha
  2912 | D:3      | Noticed Natasha
  2923 | D:3      | Killed Natasha
  3173 | D:4      | Got a dazzling leather armour
  3188 | D:3      | Identified the +0 leather armour of the Skies Above
                  | {Regen+} (You found it on level 4 of the Dungeon)
  3344 | D:4      | Killed from afar by an orc priest

Skill      XL: |  1  2  3  4  5  6 |
---------------+-------------------+-----
Fighting       | 1 2 |  2.0
Stealth        | 1 2 |  2.6
Dodging        | 2 3 |  3.0
Armour         | 1 |  1.8
Transmutations | 3 |  3.6
Unarmed Combat | 4 |  4.3
Spellcasting   | |  2.1

Action                   |  1- 3 |  4- 6 || total
-------------------------+-------+-------++-------
Melee: Unarmed           |   113 |   240 ||   353
       Bite              |    32 |    59 ||    91
       Punch             |     2 |     5 ||     7
       Headbutt          |     4 |     5 ||     9
       Kick              |     1 |    10 ||    11
 Cast: Beastly Appendage |     3 |     5 ||     8
       Sticks to Snakes  |       |     1 ||     1
  Use: Scroll            |       |     6 ||     6
       Potion            |       |     6 ||     6
 Stab: Sleeping          |     2 |     3 ||     5
  Eat: Chunk             |     2 |     6 ||     8
Armor: Robe              |     9 |       ||     9
       Leather armour    |    27 |    72 ||    99
Dodge: Dodged            |    84 |   205 ||   289
